 Dungeon Crawl Stone Soup version 0.19.3-1-g3169bf9 (webtiles) character file.

50 bosm the Magician (level 3, -1/26 HPs)
             Began as a Demonspawn Wanderer on Jan 26, 2017.
             Slain by a worm (9 damage)
             ... on level 2 of the Dungeon.
             The game lasted 00:05:26 (1624 turns).

bosm the Magician (Demonspawn Wanderer)             Turns: 1624, Time: 00:05:27

Health: -1/26      AC:  4    Str: 11    XL:     3   Next: 55%
Magic:  7/7        EV: 11    Int: 13    God:
Gold:   162        SH:  0    Dex: 14    Spells: 2 memorised, 4 levels left

rFire  . . .     SeeInvis .       - Unarmed
rCold  . . .     Gourm    .     d - +0 robe
rNeg   . . .     Faith    .     (no shield)
rPois  .         Spirit   .     (no helmet)
rElec  .         Reflect  .     (no cloak)
rCorr  .         Harm     .     (no gloves)
MR     .....                    (no boots)
Stlth  +++.......               (no amulet)
                                (no ring)
                                g - ring of stealth

@: repel missiles
A: yellow scales 1, rot immunity
a: no special abilities


You were on level 2 of the Dungeon.
You were hungry.

You visited 1 branch of the dungeon, and saw 2 of its levels.

You collected 162 gold pieces.

Inventory:

Hand Weapons
 e - a +0 dagger
Armour
 d - a +0 robe (worn)
Jewellery
 g - a ring of stealth (left hand)
Scrolls
 c - a scroll of teleportation
 k - a scroll of identify {unknown}
 m - a scroll of amnesia {unknown}
 n - a scroll of noise {unknown}
Potions
 h - a potion of cure mutation {unknown}
 i - a potion of curing {unknown}
 l - a potion of might {unknown}
Books
 a - a book of Minor Magic

   Spells                             Type                      Level
   a - Magic Dart                     Conjuration                  1
   b - Blink                          Translocation                2
   c - Call Imp                       Summoning                    2
   d - Repel Missiles                 Charms/Air                   2
   e - Slow                           Hexes                        2
   f - Conjure Flame                  Conjuration/Fire             3
   g - Mephitic Cloud                 Conjuration/Poison/Air       3
 b - the Catalogue of Transmigration

   Spells                             Type                      Level
   a - Beastly Appendage              Transmutation                1
   b - Ignite Poison                  Fire/Transmutation/Poison    3
Comestibles
 f - 2 bread rations
 j - a royal jelly


   Skills:
 - Level 1.0 Fighting
   Level 1.0 Crossbows
 - Level 1.0 Armour
 - Level 1.0 Stealth
 * Level 1.2 Unarmed Combat
 + Level 2.7 Spellcasting
   Level 1.1 Necromancy
 + Level 0.1 Transmutations
   Level 2.6 Fire Magic
   Level 1.0 Evocations


You had 4 spell levels left.
You knew the following spells:

 Your Spells              Type           Power        Failure   Level  Hunger
a - Beastly Appendage     Tmut           #.....       24%         1    #......
x - Repel Missiles        Chrm/Air       #.....       38%         2    ###....


Dungeon Overview and Level Annotations

Branches:
Dungeon (2/15)

Altars:
Cheibriados


Innate Abilities, Weirdness & Mutations

You are partially covered in yellow scales. (AC +2)
You are immune to rotting.


Message History

You barely miss the worm.
The worm is heavily wounded.
You hit the worm.
The worm is severely wounded.
The worm barely misses you.
You hit the worm but do no damage.
The worm is heavily wounded.
The worm bites you but does no damage.
You hit the worm.
The worm is heavily wounded.
You hit the worm but do no damage.
The worm is heavily wounded.
The worm barely misses you.
Your magical contamination has completely faded away.
You hit the worm.
The worm is severely wounded.
You hit the worm.
The worm is severely wounded.
The worm bites you!
You die...

#..........
#.......... #
#.......S.
#.#.......#
........# #......#
#'# #w# ####@##
#.....# #.....#
#.....##############
####'###............
#...'............
#####†...........
#...÷...(.##
##.######.#


You could see a worm.

Vanquished Creatures
  A gnoll (D:1)
  3 dart slugs (D:1)
  A leopard gecko (D:1)
  A ball python (D:1)
  3 bats (D:1)
  2 giant cockroaches (D:1)
  6 goblins
  3 hobgoblins (D:1)
  6 kobolds
  2 frilled lizards (D:1)
  4 rats
32 creatures vanquished.

Notes
Turn   | Place    | Note
-------+----------+-------------------------------------------
     0 | D:1      | bosm the Demonspawn Wanderer began the quest for the Orb.
     0 | D:1      | bosm set off with: a book of Minor Magic, the Catalogue of Transmigration, a scroll of teleportation, a +0 robe, a +0 dagger, a bread ration
     0 | D:1      | Reached XP level 1. HP: 15/15 MP: 2/2
     1 | D:1      | Identified the Catalogue of Transmigration
     3 | D:1      | Learned a level 1 spell: Beastly Appendage
   264 | D:1      | Gained mutation: You are partially covered in yellow scales. (AC +2) [demonic ancestry]
   264 | D:1      | Reached XP level 2. HP: 15/21 MP: 4/4
   430 | D:1      | Reached skill level 1 in Unarmed Combat
   877 | D:1      | Gained mutation: You are immune to rotting. [demonic ancestry]
   877 | D:1      | Reached XP level 3. HP: 11/26 MP: 4/6
  1286 | D:1      | Learned a level 2 spell: Repel Missiles
  1422 | D:2      | Found a snail-covered altar of Cheibriados.
  1624 | D:2      | Slain by a worm

Skill      XL: |  1  2 |
---------------+-------+-----
Unarmed Combat | 1 |  1.2
Spellcasting   | 2 |  2.7
Fighting       | |  1.0
Crossbows      | |  1.0
Armour         | |  1.0
Stealth        | |  1.0
Necromancy     | |  1.1
Transmutations | |  0.1
Fire Magic     | |  2.6
Evocations     | |  1.0

Action                   || total
-------------------------++-------
Melee: Dagger            ||   163
       Kick              ||     8
       Headbutt          ||     4
       Punch             ||     1
       Unarmed           ||    16
 Cast: Beastly Appendage ||     8
       Repel Missiles    ||     1
 Stab: Sleeping          ||     4
  Eat: Chunk             ||     2
Armor: Robe              ||    41
Dodge: Dodged            ||    85
